 Dungeon Crawl Stone Soup version 0.29-a0-1008-g949cc1d0fb (webtiles) character file.

Game seed: 4560422018936111505

60 BlueGoblin the Shooter (level 4, -2/37 HPs)
             Began as a Meteoran Hunter on Aug 7, 2022.
             Slain by Grinder (6 damage)
             ... while paralysed by Grinder
             ... on level 3 of the Dungeon.
             The game lasted 00:03:07 (1161 turns).

BlueGoblin the Shooter (Meteoran Hunter)            Turns: 1161, Time: 00:03:08

Health: -2/37      AC:  5    Str: 12    XL:     4   Next: 48%
Magic:  5/5        EV:  2    Int: 10    God:
Gold:   28         SH:  0    Dex: 20    Spells: 3/3 levels left

rFire   . . .      SeeInvis .   a - +0 shortbow
rCold   . . .      Faith    .   (shield currently unavailable)
rNeg    . . .      Spirit   .   c - +0 leather armour
rPois   .          Reflect  .   (no helmet)
rElec   .          Harm     .   k - +0 cloak
rCorr   .          Rampage  .   (no gloves)
Will    .....                   g - +0 pair of boots
Stlth   +.........              (no amulet)
HPRegen 0.12/turn               (no ring)
MPRegen 0.09/turn               (no ring)

@: paralysed, glowing
A: sense surroundings 1, otherworldly, glowing, explore regen
a: no special abilities


You were on level 3 of the Dungeon.
You visited 1 branch of the dungeon, and saw 3 of its levels.

You collected 70 gold pieces.
You spent 42 gold pieces at shops.

Inventory:

Hand Weapons
 a - a +0 shortbow (weapon)
 d - a +0 dagger
Armour
 c - a +0 leather armour (worn)
 g - a +0 pair of boots (worn)
 k - a +0 cloak (worn)
Scrolls
 b - a scroll of immolation
 h - 2 scrolls of poison
 j - a scroll of teleportation
Potions
 e - a potion of degeneration {unknown}
 f - a potion of curing {unknown}
 i - a potion of cancellation {unknown}


   Skills:
 + Level 2.3 Fighting
 + Level 5.7 Ranged Weapons
 + Level 0.3 Armour
 + Level 2.9 Dodging
 - Level 0.6 Stealth


You had 3 spell levels left.
You didn't know any spells.
Your spell library was empty.

Dungeon Overview and Level Annotations

Branches:
Dungeon (3/15) Zot: 602

Altars:
Nemelex Xobeh

Shops:
D:2 ?   D:3 :

Annotations:
D:3 Grinder


Innate Abilities, Weirdness & Mutations

You passively map a small area around you.
You are easily found by Zot.
You glow in the dark.
You regain HP and MP as you explore.


Message History

Grinder comes into view.
Found 6 boomerangs.
Grinder shouts!
Grinder gestures at you.
You suddenly lose the ability to move!
You can move again.
You see here 16 gold pieces.
You shoot an arrow. The arrow barely misses Grinder.
You shoot an arrow. The arrow closely misses Grinder.
You shoot an arrow. The arrow hits Grinder.
Grinder is lightly wounded.
You shoot an arrow. The arrow closely misses Grinder.
Grinder hits you but does no damage.
You shoot an arrow. The arrow barely misses Grinder.
Grinder misses you. Grinder gestures at you.
You resist with significant effort.
You shoot an arrow. The arrow closely misses Grinder.
Grinder says, "Are you a fish?" Grinder barely misses you.
You shoot an arrow. The arrow barely misses Grinder.
Grinder hits you.
You writhe in agony.
You shoot an arrow. The arrow hits Grinder.
Grinder is lightly wounded.
Grinder hits you.
You shoot an arrow. The arrow hits Grinder!
Grinder is moderately wounded.
Grinder completely misses you. Grinder gestures at you.
You suddenly lose the ability to move!
Grinder hits you.
You writhe in agony.
Grinder hits you.
You writhe in agony.
Grinder hits you.
* * * LOW HITPOINT WARNING * * *
You writhe in agony.
* * * LOW HITPOINT WARNING * * *
Grinder says, "Mostly I couldn't keep them alive."
Grinder hits you.
* * * LOW HITPOINT WARNING * * *
You writhe in agony.
You die...

..########* >
∩.†.......,,....#####.##
, .......#* #...........
, >......# ##...........
##.##### ##......(....(
##.########..#..........
........................
,, ##.######.#
#.......... ##.# #.#
#..@5...... #..#
##.####.......... #.##
#..#....(........* #.#
####....##..........
#.###.....#####.########
#.##..#.### #.# ,
..)..##.# #.# .####...#
#.# *, . .### .!#


You could see Grinder.

Vanquished Creatures
  2 adders (D:2)
  2 dart slugs
  4 endoplasms
  2 giant cockroaches (D:2)
  4 goblins
  3 hobgoblins
  4 jackals (D:2)
  2 ball pythons
  5 bats
  A frilled lizard (D:2)
  5 kobolds
  3 rats
37 creatures vanquished.

Notes
Turn   | Place    | Note
-------+----------+-------------------------------------------
     0 | D:1      | BlueGoblin the Meteoran Hunter began the quest for the Orb.
     0 | D:1      | Reached XP level 1. HP: 17/17 MP: 2/2
   160 | D:1      | Reached XP level 2. HP: 21/24 MP: 3/3
   199 | D:1      | Found a faded altar of an unknown god.
   399 | D:2      | Reached skill level 5 in Ranged Weapons
   401 | D:2      | Reached XP level 3. HP: 29/29 MP: 4/4
   442 | D:2      | Found a sparkling altar of Nemelex Xobeh.
   483 | D:2      | Identified the +0 robe of Citt {Str+3}
   536 | D:2      | Reached XP level 4. HP: 35/36 MP: 5/5
   709 | D:2      | Found Geypn's Magic Scroll Shop.
   715 | D:2      | Bought a scroll of teleportation for 42 gold pieces
  1068 | D:2      | Glimpsed the power of Zot.
  1102 | D:3      | Found Novaukh's Book Boutique.
  1146 | D:3      | Noticed Grinder
  1146 | D:3      | Paralysed by Grinder for 3 turns
  1157 | D:3      | Paralysed by Grinder for 5 turns
  1161 | D:3      | Slain by Grinder

Illustrated notes

Levels and vault maps discovered:
D:1:      dpeg_arrival_erosion, layout_loops_cross,
          ebering_ecumenical_altar_webs
D:2:      minmay_evil_eye, layout_basic, basic_altar, serial_shops, shop
D:3:      layout_rooms, serial_shops, shop_fountains, shop,
          nicolae_shop_waterfront, uniq_grinder

Skill      XL: |  1  2 |
---------------+-------+-----
Ranged Weapons | 5 |  5.7
Fighting       | |  2.3
Armour         | |  0.3
Dodging        | |  2.9
Stealth        | |  0.6

Action                   |  1- 3 |  4- 6 || total
-------------------------+-------+-------++-------
 Fire: Shortbow          |    80 |    47 ||   127
  Use: Scroll            |       |     2 ||     2
Armor: Leather armour    |    18 |     8 ||    26
Dodge: Dodged            |    27 |    14 ||    41

Table legend: (Time is in decaauts)
 A = Elapsed time spent in this place.
 B = Non-inter-level travel time spent in this place.
 C = Inter-level travel time spent in this place.
 D = Time resting spent in this place.
 E = Time spent auto-exploring this place.
 F = Levels seen in this place.
 G = Mean time per level.
                   A        B        C        D        E       F      G
               +--------+--------+--------+--------+--------+-----+--------+
         Total |   1196 |   1133 |     63 |      0 |    872 |   3 |  398.7 |
       Dungeon |   1196 |   1133 |     63 |      0 |    872 |   3 |  398.7 |
               +--------+--------+--------+--------+--------+-----+--------+

Top non-repeatable levels by time:
     D:2: 719 daAuts
     D:1: 404 daAuts
     D:3: 72 daAuts
